Cogmind - Beta 13 X1 @@@ ROGUE MODE // 2023.07.21 @ 02:41:53 Player: Runia Result: Core destroyed Performance ------------- Evolutions (8) 4000 Regions Visited (28) 5600 Robots Destroyed (497) 2485 Value Destroyed (26176) 26176 Prototype IDs (69) 1380 Alien Tech Used (1) 200 Bonus (15184) 15184 TOTAL SCORE: 55025 Bonus ------- High Alert Combat Kills 6857 Follower Combat Kills 1942 Entered Garrisons 1400 Used RIF Installer 4000 Aligned with FarCom 300 Scanned by Researcher 1000 Friendly Fire -315 Cogmind --------- Core Integrity 0/1450 Matter 239/300 Energy 418/525 System Corruption 51% Temperature Critical (690) Movement Treading (250) Ox1 Location -2/Section 7 Parts ------- > --- POWER (2) -------- Antimatter Reactor > --- PROPULSION (7) --- Advanced Heavy Siege Treads (fused) Myomer Leg Biometal Leg Centrium Leg (fused) High-density Centrium Leg > --- UTILITY (12) ----- Experimental Power Amplifier Huge Storage Unit Small Battery Small Battery Advanced Targeting Computer Advanced Weapon Cycler Beam Splitter AEGIS Remote Shield Relay Coupler [Swarmer] (13) Relay Coupler [Sentry] (19) > --- WEAPON (2) ------- Enhanced Nova Cannon Enhanced Nova Cannon > --- INVENTORY (25) --- Wheel Small Battery (100) Small Battery (100) Compact Matter Pod (150) Improved Matter Compressor (0) Improved Matter Compressor (286) Advanced Signal Interpreter Advanced Force Field Relay Coupler [Sentry] (21) Relay Coupler [Sentry] (22) Compact HERF Cannon Enhanced Nova Cannon Enhanced Nova Cannon Enhanced Nova Cannon Enhanced Nova Cannon Enhanced Nova Cannon Null Cannon AWS/Autocannon Advanced Remote Datajack Advanced Remote Datajack Peak State ------------ > --- POWER ------------ Micro Antimatter Reactor Micro Antimatter Reactor > --- PROPULSION ------- Medium Treads Advanced Heavy Siege Treads Biometal Leg Biometal Leg Centrium Leg High-density Centrium Leg > --- UTILITY ---------- Experimental Power Amplifier Huge Storage Unit Small Battery Advanced Targeting Computer Experimental Core Analyzer Advanced Weapon Cycler Experimental Reaction Control System Beam Splitter AEGIS Remote Shield Relay Coupler [NC] Relay Coupler [Swarmer] Relay Coupler [Sentry] > --- WEAPON ----------- Hypervelocity Multirail Force Lance > --- INVENTORY -------- Small Battery Small Battery Small Battery Compact Matter Pod Improved Matter Compressor Advanced Signal Interpreter Advanced Force Field Relay Coupler [Sentry] Relay Coupler [Sentry] Enhanced Nova Cannon Enhanced Nova Cannon Null Cannon AWS/Autocannon Advanced Remote Datajack Advanced Remote Datajack [Rating: 174] Favorites ----------- Power Reinforced Antimatter Reactor Engine Cooled Ion Engine Power Core Reinforced Fission Core Reactor Reinforced Antimatter Reactor Propulsion Heavy Treads Treads Heavy Treads Leg Centrium Leg Wheel Wheel Utility Experimental Core Analyzer Device Quantum Capacitor Storage Huge Storage Unit Processor Experimental Core Analyzer Hackware Relay Coupler [Swarmer] Protection Layered Medium Armor Plating Weapon Autogun Energy Gun Heavy Particle Gun Energy Cannon Enhanced Nova Cannon Ballistic Gun Autogun Ballistic Cannon Gauss Cannon Launcher Heavy Missile Launcher Special Weapon Improved Remote Datajack Impact Weapon Maul Piercing Weapon Force Lance Build | -11 -10 -10 -9 -9 -9 -8 -8 -7 -7 -7 -7 -6 -6 -6 -6 -5 -5 -5 -5 -5 -5 -4 -4 -3 -3 -2 -2 -2 ------- Run | Jun Mat Min Mat Min Exi Min Mat Fac Was Fac Gar Fac Gar Fac Gar Fac Was Fac Gar Fac Gar Fac Gar Res Gar Res Tes Sec Slots Evolved 16 | . . . 2 . . . 2 2 . . . 2 . . . 2 . . . . . 2 . 2 . 2 . . Power 1 | . . . . . . . . . . . . . . . . 1 . . . . . . . . . . . . Propulsion 5 | . . . . . . . 2 . . . . . . . . . . . . . . . . 2 . 1 . . Utility 10 | . . . 2 . . . . 2 . . . 2 . . . 1 . . . . . 2 . . . 1 . . Weapon . | . . . . . . . . . . . . . . . . . . . . . . . . . . . . . Parts Attached 565 | 2 16 8 28 8 32 12 46 7 14 26 21 3 40 2 43 9 3 . 23 11 26 14 16 7 21 45 65 17 Power 37 | . . . 3 . 2 . 2 . 3 . 1 . . . 2 1 . . . . 1 3 . . 1 5 11 2 Engine 10 | . . . 3 . 1 . . . . . . . . . 1 . . . . . . . . . . . 5 . Core 6 | . . . . . 1 . 1 . . . . . . . . . . . . . 1 2 . . . . 1 . Reactor 21 | . . . . . . . 1 . 3 . 1 . . . 1 1 . . . . . 1 . . 1 5 5 2 Propulsion 85 | 2 3 . 5 2 6 . 15 2 4 1 2 . 1 . 3 . . . . 1 2 1 . 2 4 10 18 1 Treads 54 | 2 . . 4 1 4 . 14 2 4 . 2 . 1 . 3 . . . . 1 2 1 . 2 4 5 2 . Leg 20 | . . . . . 2 . . . . . . . . . . . . . . . . . . . . 5 12 1 Wheel 11 | . 3 . 1 1 . . 1 . . 1 . . . . . . . . . . . . . . . . 4 . Hover . | . . . . . . . . . . . . . . . . . . . . . . . . . . . . . Flight . | . . . . . . . . . . . . . . . . . . . . . . . . . . . . . Utility 195 | . 4 . 8 . 8 2 11 3 7 12 6 3 14 2 17 4 1 . 10 4 11 9 10 . 4 19 19 7 Device 94 | . . . 3 . 5 1 5 1 1 7 4 3 6 1 5 3 . . 7 . 3 6 3 . 2 15 10 3 Storage 17 | . 2 . . . . . . . 3 1 . . . . . . . . . 1 . 1 . . . 1 5 3 Processor 5 | . . . 2 . 1 . 1 . . . . . . . . . . . . . . . . . . . 1 . Hackware 43 | . . . . . . . . . . 1 1 . 7 . 9 . 1 . 2 2 7 2 5 . 1 3 2 . Protection 36 | . 2 . 3 . 2 1 5 2 3 3 1 . 1 1 3 1 . . 1 1 1 . 2 . 1 . 1 1 Artifact . | . . . . . . . . . . . . . . . . . . . . . . . . . . . . . Weapon 248 | . 9 8 12 6 16 10 18 2 . 13 12 . 25 . 21 4 2 . 13 6 12 1 6 5 12 11 17 7 Energy Gun 15 | . . . . . . . 10 . . . 3 . . . . . . . . . . . . . . . 2 . Energy Cannon 50 | . . . . . . . . . . . . . . . 3 3 1 . 7 3 6 . 4 2 5 5 7 4 Ballistic Gun 51 | . 7 3 7 3 7 6 2 2 . 5 3 . 5 . . . . . . . . . . . . . 1 . Ballistic Cannon 17 | . . . . . . . . . . 2 1 . 6 . 7 . . . . . . . . . . . 1 . Launcher 45 | . 2 4 3 3 1 3 5 . . 3 2 . 4 . 2 . . . 1 . 3 . . 1 4 3 1 . Special Weapon 43 | . . . . . 8 1 . . . . 1 . 6 . 5 1 1 . 4 3 2 1 1 1 2 2 3 1 Impact Weapon 9 | . . 1 2 . . . 1 . . 3 2 . . . . . . . . . . . . . . . . . Slashing Weapon . | . . . . . . . . . . . . . . . . . . . . . . . . . . . . . Piercing Weapon 18 | . . . . . . . . . . . . . 4 . 4 . . . 1 . 1 . 1 1 1 1 2 2 Special Melee Weapon . | . . . . . . . . . . . . . . . . . . . . . . . . . . . . . Unidentified Prototypes 28 | . . . . . 5 . 4 . 1 . . . . 1 . . . . . . 1 1 . . . 2 12 1 Corrupted Parts 4 | . . . . . . . . . . . . . . . . . . . . . . . . . . . 4 . System Corruption 32 | . . . . . . . . . . . . . . . . . . . . . . . . . . . 32 . Parts Lost 115 | . 1 3 5 . 11 1 11 2 6 1 1 . 4 . 3 . . . 1 2 1 . 2 . 4 10 40 6 Power 17 | . . . . . 1 . 1 . . . . . . . 1 . . . . . . . . . 1 1 11 1 Propulsion 28 | . . . 2 . 3 . 4 1 1 . . . . . . . . . . 1 . . . . . 3 12 1 Utility 40 | . . 1 2 . 3 1 3 1 2 1 . . 2 . 2 . . . 1 . 1 . 2 . 3 3 10 2 Weapon 30 | . 1 2 1 . 4 . 3 . 3 . 1 . 2 . . . . . . 1 . . . . . 3 7 2 Highest Loss Streak 22 | . 1 1 2 . 6 1 5 1 5 1 1 . 2 . 2 . . . 1 1 1 . 1 . 2 5 22 3 To Critical Strikes 8 | . . . . . 3 . 1 . . . . . . . 1 . . . . 1 . . . . . . 1 1 Average Slot Usage (%) 85 | . 88 95 99 100 92 98 98 100 65 74 76 75 79 80 82 88 88 88 82 81 85 85 83 81 74 80 74 86 Engine 2 | . 14 14 11 11 5 . . . . . . . . . 2 . . . . . . . . . . . 1 . Core 1 | . . . . . 5 11 4 7 . . . . . . . . . . . . 3 4 . . . . . . Reactor 5 | . . . . . . . 4 . 5 7 7 6 6 6 2 11 11 11 11 11 6 5 10 9 9 7 4 6 Treads 12 | . 17 14 11 11 14 . 28 30 18 13 11 13 13 13 13 11 11 11 11 10 15 12 10 15 15 12 2 4 Leg 2 | . . . . . 3 22 4 . . . . . . . . . . . . . . . . . . 6 16 18 Wheel 2 | . 10 14 10 11 3 . 1 . . 1 3 . . . . . . . . . . . . . . . . 2 Device 11 | . . . 10 11 5 9 6 15 6 12 16 21 17 6 11 17 11 11 13 11 11 12 14 14 10 19 10 15 Storage 7 | . 14 14 11 11 11 11 9 7 6 7 7 6 6 6 6 5 5 5 5 5 5 5 5 4 4 4 10 13 Processor 7 | . . . 10 11 17 11 14 7 7 7 7 6 6 6 6 5 5 5 5 5 5 5 5 4 4 4 5 5 Hackware 8 | . . . . . . . . . . 1 . . 9 20 19 17 23 23 15 16 15 23 21 19 16 15 11 8 Protection 6 | . 3 10 10 11 9 10 6 15 8 7 6 6 3 6 4 5 5 5 5 5 5 5 5 4 2 . . 2 Energy Gun 1 | . . . . . . . 14 . . . 4 . . . . . . . . . . . . . . . . . Energy Cannon 2 | . . . . . . . . . . . . . . . 2 2 5 5 7 6 4 5 4 4 3 3 1 1 Ballistic Gun 6 | . 27 17 21 22 11 20 2 15 9 5 6 6 1 . . . . . . . . . . . . . 1 3 Special Weapon 1 | . . . . . 3 . . . . . . . 4 6 1 4 5 5 2 3 3 5 5 1 . 3 . . Naked Turns . | . . . . . . . . . . . . . . . . . . . . . . . . . . . . . Heaviest Build 180 | 13 98 98 103 103 113 118 112 108 117 114 97 100 99 86 95 120 113 112 120 156 156 153 155 157 167 157 145 180 Greatest Support 254 | 40 40 16 40 10 60 60 112 112 140 140 140 140 140 130 140 140 140 140 140 140 130 135 135 186 225 254 195 143 Greatest Overweight (x) 10 | . 9 6 10 10 10 1 10 1 1 2 3 . . . . . . . . 1 1 1 1 . 1 1 6 1 Average Overweight (x) 1 | . 3 5 8 10 5 1 1 . . . 1 . . . . . . . . . 1 1 1 . . . . 1 Largest Inventory Capacity 25 | 8 25 25 25 25 25 25 25 25 25 20 20 20 20 20 20 20 20 20 20 25 25 25 25 25 25 25 25 25 Average Capacity 23 | 8 22 25 25 25 25 25 25 25 20 20 20 20 20 20 20 20 20 20 20 24 25 25 25 25 25 25 25 25 Most Carried 25 | 6 25 23 25 25 25 25 25 25 25 20 20 20 20 20 20 20 20 20 20 20 25 25 25 24 25 25 21 25 Average Carried 21 | 5 17 22 24 25 20 24 24 24 18 19 19 19 19 20 19 19 19 19 19 18 23 23 24 24 23 22 16 23 Final Capacity 25 | 8 25 25 25 25 25 25 25 25 20 20 20 20 20 20 20 20 20 20 20 25 25 25 25 25 25 25 25 25 Final Carried 25 | 4 23 23 25 25 25 25 25 24 20 20 20 20 20 20 20 20 20 20 20 18 23 25 25 24 23 20 18 22 Class Distribution -------------------- 32% | Mutant 28% | Bothacker-Mutant 26% | Botlord-Mutant 13% | Scavenger-Mutant Dominant Class ---------------- Mutant | -10/Materials Mutant | -10/Mines Mutant | -9/Materials Mutant | -9/Mines Mutant | -9/Exiles Mutant | -8/Mines Mutant | -8/Materials Mutant | -7/Factory Scavenger-Mutant | -7/Waste Scavenger-Mutant | -7/Factory Scavenger-Mutant | -7/Garrison Bothacker-Mutant | -6/Factory Bothacker-Mutant | -6/Garrison Bothacker-Mutant | -6/Factory Bothacker-Mutant | -6/Garrison Bothacker-Mutant | -5/Factory Bothacker-Mutant | -5/Waste Bothacker-Mutant | -5/Factory Bothacker-Mutant | -5/Garrison Bothacker-Mutant | -5/Factory Botlord-Mutant | -5/Garrison Botlord-Mutant | -4/Factory Botlord-Mutant | -4/Garrison Botlord-Mutant | -3/Research Botlord-Mutant | -3/Garrison Botlord-Mutant | -2/Research Botlord-Mutant | -2/Testing Bothacker-Mutant | -2/Section 7 Resources | -11 -10 -10 -9 -9 -9 -8 -8 -7 -7 -7 -7 -6 -6 -6 -6 -5 -5 -5 -5 -5 -5 -4 -4 -3 -3 -2 -2 -2 ----------- Run | Jun Mat Min Mat Min Exi Min Mat Fac Was Fac Gar Fac Gar Fac Gar Fac Was Fac Gar Fac Gar Fac Gar Res Gar Res Tes Sec Matter Collected 16325 | 166 464 327 1111 362 1080 234 926 . 764 1597 1048 . 1781 . 1073 53 103 . 661 115 606 148 532 50 455 698 1469 502 Remotely 208 | . . . . . . . 208 . . . . . . . . . . . . . . . . . . . . . Salvage Created 24265 | . 638 390 1709 289 583 182 2762 189 1718 1749 1300 . 876 . 797 141 . . 1063 838 864 170 1033 431 1691 1824 1971 1057 Parts 1171 | . 34 24 111 29 71 24 150 11 44 95 68 . 60 . 26 8 . . 43 31 30 11 37 9 56 67 91 41 Haulers Intercepted 18 | . 1 . 6 . . . 5 1 . 3 . . . . . . . . . . . . . . . 1 1 . Recyclers Shooed 5 | . . . 1 . . . 1 . . 2 . . . . . . . . . . . . . . . . 1 . Parts Field Recycled . | . . . . . . . . . . . . . . . . . . . . . . . . . . . . . Retrieved Matter . | . . . . . . . . . . . . . . . . . . . . . . . . . . . . . Parts Self-Destructed . | . . . . . . . . . . . . . . . . . . . . . . . . . . . . . Prevented . | . . . . . . . . . . . . . . . . . . . . . . . . . . . . . Kills | -11 -10 -10 -9 -9 -9 -8 -8 -7 -7 -7 -7 -6 -6 -6 -6 -5 -5 -5 -5 -5 -5 -4 -4 -3 -3 -2 -2 -2 ------- Run | Jun Mat Min Mat Min Exi Min Mat Fac Was Fac Gar Fac Gar Fac Gar Fac Was Fac Gar Fac Gar Fac Gar Res Gar Res Tes Sec Combat Hostiles Destroyed 394 | . 13 13 30 13 5 12 50 2 6 26 26 . 29 . 16 2 . . 20 11 17 3 15 5 19 28 22 11 Melee 15 | . . 2 . . . . . . . . 1 . 4 . 1 . . . . . 2 . 1 1 . . 3 . Guns 140 | . 11 4 23 5 1 2 39 2 6 10 16 . 5 . . . . . . . . . . . . . 7 9 Cannons 118 | . . . . . . . . . . 11 3 . 12 . 13 2 . . 15 8 7 3 10 1 5 21 5 2 AOE 91 | . 2 7 7 8 4 10 11 . . 5 6 . 8 . 2 . . . 2 . 4 . . . 9 5 1 . Classes Destroyed 24 | . 7 1 4 . 3 1 3 . 1 1 . . 1 . 1 . . . . . . . . . . . . 1 Worker 32 | . 2 5 4 3 . . 6 . . 5 . . . . . . . . . 1 . . . . . 1 5 . Builder 14 | . . 2 2 1 . . 3 . . 4 . . . . . . . . . . . . . . . . 2 . Tunneler 7 | . 1 3 . 1 . 2 . . . . . . . . . . . . . . . . . . . . . . Hauler 18 | . 1 . 6 . . . 5 1 . 3 . . . . . . . . . . . . . . . 1 1 . Recycler 11 | . 1 1 2 . . . 2 . . 4 . . . . . . . . . . . . . . . . . 1 Mechanic 2 | . . . 1 . . . 1 . . . . . . . . . . . . . . . . . . . . . Operator 2 | . 1 . . . . . . . . . . . 1 . . . . . . . . . . . . . . . Turret 1 | . . . . . 1 . . . . . . . . . . . . . . . . . . . . . . . Watcher 10 | . . . 1 . . . 3 . . 2 . . 1 . . 1 . . . . . 1 1 . . . . . Swarmer 77 | . 3 11 8 10 . 8 13 . . 1 6 . 5 . . . . . 4 . 4 . 2 . 2 . . . Cutter 4 | . . . . . . . . . . . . . 4 . . . . . . . . . . . . . . . Grunt 154 | . 10 2 11 3 . 3 21 . . 14 11 . 12 . 7 . . . 4 4 8 1 5 4 9 11 7 7 Brawler 8 | . . . . . . . 1 . . . . . . . 2 . . . . 1 . . . . 1 3 . . Duelist 9 | . . . 2 . . . 1 . . 1 . . . . . . . . . 1 2 . . . . 2 . . Researcher 1 | . . . . . . . . . . . . . . . . . . . . . . . . . . . . 1 Sentry 52 | . . . 9 . . . 9 2 . 4 5 . 4 . 2 . . . 1 2 2 . 3 1 . 5 2 1 Specialist 11 | . . . . . . . 4 . . . . . . . 1 . . . 1 . . . . . 2 . 3 . Hunter 21 | . . . . . . 1 . . . 1 . . 2 . . . . . 6 1 . 1 2 . 2 . 5 . Programmer 39 | . . . . . . . . . . 5 4 . 3 . 2 2 . . 1 2 . 1 3 . 2 7 5 2 Heavy 2 | . . . . . . . 1 . . . . . . . . . . . . . . . . . . . . 1 Behemoth 7 | . . . . . . . . . . . . . . . 2 . . . 3 . 1 . . . 1 . . . Compactor 6 | . . . . . . . . . 6 . . . . . . . . . . . . . . . . . . . Zionite 6 | . . . . . 6 . . . . . . . . . . . . . . . . . . . . . . . Assembled 4 | . . . . . 4 . . . . . . . . . . . . . . . . . . . . . . . Best Kill Streak 14 | . 6 5 5 4 4 4 14 1 2 7 5 . 6 . 3 2 . . 4 3 4 1 4 2 11 4 5 4 Combat Bots Only 11 | . 4 3 5 4 4 4 11 1 2 4 5 . 6 . 3 2 . . 4 3 4 1 3 2 11 4 5 3 Max Kills in Single Turn 4 | . 4 3 3 3 2 4 4 1 1 2 2 . 2 . 1 1 . . 1 1 2 1 1 1 4 2 2 2 Gunslinging . | . . . . . . . . . . . . . . . . . . . . . . . . . . . . . Exploded 4 | . 2 3 3 3 2 4 2 . . 2 2 . 2 . 1 . . . 1 . 2 . . . 4 2 1 . Melee 1 | . . 1 . . . . . . . . 1 . 1 . 1 . . . . . 1 . 1 1 . . 1 . Uniques/NPCs Destroyed 4 | . . . . . 4 . . . . . . . . . . . . . . . . . . . . . . . 8R-AWN (-9/Exiles) EX-HEX (-9/Exiles) EX-BIN (-9/Exiles) EX-DEC (-9/Exiles) Combat | -11 -10 -10 -9 -9 -9 -8 -8 -7 -7 -7 -7 -6 -6 -6 -6 -5 -5 -5 -5 -5 -5 -4 -4 -3 -3 -2 -2 -2 -------- Run | Jun Mat Min Mat Min Exi Min Mat Fac Was Fac Gar Fac Gar Fac Gar Fac Was Fac Gar Fac Gar Fac Gar Res Gar Res Tes Sec Damage Taken 31218 | . 445 396 788 167 1080 220 2936 294 325 1403 1248 . 1759 . 1166 202 . . 1264 693 751 534 1157 253 2322 3329 6178 2308 Core 3616 | . 43 84 150 13 156 34 338 18 . 163 100 . 144 . 148 15 . . 131 151 106 . 137 33 133 224 879 416 Absorbed by Shields 2909 | . . . 298 67 94 59 . . . 297 511 . 104 . . 78 . . 190 . . . . . . 120 433 658 Reduced by Siege Mode 512 | . . . . . . . . . . 45 31 . 82 . 7 . . . 7 20 46 . 12 5 159 11 . 87 Ignored by Resistances 624 | . . . . . . . 259 . . 97 . . . . . . . . . . . . . . . . . 268 Regen/Repaired (Parts) 1088 | . . . . . . . . . . . . . . . . . . 148 . . . . . . . 940 . . Core Remaining (%) 61 | 100 . 49 . . . 11 38 . . . 59 . . . 65 . . . . . 59 . 88 . 87 . . . Volleys Fired 1730 | . 46 19 106 21 122 12 156 13 31 109 75 . 111 . 88 12 2 11 125 76 60 39 83 24 64 156 110 59 Largest 2 | . 2 2 2 2 2 2 2 2 2 2 2 . 2 . 1 1 1 1 2 1 2 1 1 1 2 1 1 2 Hottest 240 | . 46 46 46 46 46 60 110 48 60 78 105 . 95 . 113 113 113 113 214 120 120 120 120 120 120 120 130 240 Shots Fired 2287 | . 90 27 208 38 178 18 301 26 45 166 133 . 135 . 89 12 2 12 126 76 64 39 85 24 66 155 108 64 Gun 1110 | . 88 21 204 33 102 12 291 26 45 92 102 . 29 . . . . . . . . . . . . . 32 33 Cannon 816 | . . . . . . . . . . 68 25 . 79 . 68 11 1 5 90 64 44 18 60 22 48 122 61 30 Launcher 93 | . 2 6 4 5 6 6 10 . . 6 4 . 10 . 5 . . . 4 . 4 . . . 10 9 2 . Special 268 | . . . . . 70 . . . . . 2 . 17 . 16 1 1 7 32 12 16 21 25 2 8 24 13 1 Kinetic 1076 | . 88 21 204 33 102 12 58 26 45 160 94 . 108 . 60 . . . . . . . . . . . 32 33 Thermal 603 | . . . . . . . 210 . . . 33 . . . 6 10 1 5 46 27 25 18 23 5 23 113 28 30 Explosive 93 | . 2 6 4 5 6 6 10 . . 6 4 . 10 . 5 . . . 4 . 4 . . . 10 9 2 . Electromagnetic 247 | . . . . . . . 23 . . . . . . . 2 1 . . 44 37 19 . 37 17 25 9 33 . Impact 70 | . . . . . 70 . . . . . . . . . . . . . . . . . . . . . . . Robot Hit Streak 30 | . 8 4 22 10 30 7 24 10 11 11 25 . 13 . 17 6 2 4 13 8 19 4 10 6 12 19 10 19 Robot Miss Streak 8 | . 4 3 6 1 3 2 3 2 2 5 3 . 4 . 2 2 1 3 3 2 2 3 3 2 1 2 8 3 Penetration Max 1 | . . . . . 1 . . . 1 1 1 . . . . . . . . . . . . . . . 1 1 Secondary Targets 13 | . . . 6 . . . 7 . . . . . . . . . . . . . . . . . . . . . Max Gunslinging Chain 1 | . . . 1 . . . 1 . . . . . . . . . . . . . . . . . . . . . Capacitor 476 | . . . . . . . . . . . . . . . . . . . 65 64 44 18 60 22 46 111 46 . Shots Hit Robots 1585 | . 51 31 156 25 109 9 205 21 34 89 89 . 93 . 73 8 1 5 69 45 53 24 52 15 71 113 87 57 Core Hits 844 | . 28 20 67 23 38 17 124 7 13 63 46 . 60 . 29 2 . . 28 20 26 6 18 6 52 65 47 39 Critical Kills 61 | . . . . . 5 . . . 6 18 9 . . . . . . . 1 . . . . . . . 12 10 Critical Parts Destroyed 64 | . . 1 1 . 5 1 . . 1 8 12 . 1 . . . . . . . . . . . . . 12 22 Critical Strikes 178 | . . 1 1 . 15 1 6 . 13 34 28 . 5 . 3 . . . 2 . 2 . 1 1 6 1 26 32 Burn 9 | . . . . . . . 6 . . . 3 . . . . . . . . . . . . . . . . . Meltdown 2 | . . . . . . . . . . . . . . . . . . . 1 . . . . . . . 1 . Destroy 129 | . . . 1 . 10 1 . . 13 27 21 . 1 . . . . . . . . . . . . . 23 32 Blast 17 | . . . . . . . . . . 7 3 . 4 . 3 . . . . . . . . . . . . . Corrupt 4 | . . . . . . . . . . . . . . . . . . . 1 . 1 . . . 1 1 . . Smash 2 | . . 1 . . . . . . . . 1 . . . . . . . . . . . . . . . . . Sever 5 | . . . . . 5 . . . . . . . . . . . . . . . . . . . . . . . Impale 10 | . . . . . . . . . . . . . . . . . . . . . 1 . 1 1 5 . 2 . Melee Attacks 156 | . . 24 2 . . . 1 . . 5 2 . 14 2 12 . . . . . 8 . 5 6 34 3 25 13 Impact 34 | . . 24 2 . . . 1 . . 5 2 . . . . . . . . . . . . . . . . . Slashing . | . . . . . . . . . . . . . . . . . . . . . . . . . . . . . Piercing 122 | . . . . . . . . . . . . . 14 2 12 . . . . . 8 . 5 6 34 3 25 13 Sneak Attacks 38 | . . 10 . . . . . . . 2 1 . 8 . . . . . . . 7 . 4 1 . 1 4 . Combat Hostiles 25 | . . . . . . . . . . . 1 . 8 . . . . . . . 7 . 4 1 . 1 3 . Follow-up Attacks . | . . . . . . . . . . . . . . . . . . . . . . . . . . . . . Damage Inflicted 51304 | . 1072 1717 2804 818 1798 977 4892 351 713 2928 2444 . 3586 . 3194 359 41 80 2402 1546 2127 515 1712 620 4764 5311 2974 1559 Guns 13050 | . 802 184 2374 399 926 130 3821 351 713 809 1386 . 389 . . . . . . . . . . . . . 324 442 Cannons 21205 | . . . . . . . . . . 1314 420 . 1522 . 2116 359 41 80 1883 1546 1264 515 1335 534 1634 3655 1870 1117 Explosions 10519 | . 270 370 430 419 368 847 1021 . . 620 590 . 910 . 366 . . . 519 . 451 . . . 1527 1533 278 . Melee 5953 | . . 1163 . . . . . . . 185 48 . 765 . 712 . . . . . 412 . 377 86 1603 100 502 . Ramming 73 | . . . . . . . 50 . . . . . . . . . . . . . . . . . . 23 . . Kinetic 14591 | . 802 184 2374 399 926 130 654 351 713 2123 1233 . 1911 . 2025 . . . . . . . . . . . 324 442 Thermal 12940 | . . . . . . . 2791 . . . 573 . . . 48 291 41 80 914 443 699 515 355 . 809 3358 906 1117 Explosive 10519 | . 270 370 430 419 368 847 1021 . . 620 590 . 910 . 366 . . . 519 . 451 . . . 1527 1533 278 . Electromagnetic 6724 | . . . . . . . 376 . . . . . . . 43 68 . . 969 1103 565 . 980 534 825 297 964 . Impact 1900 | . . 1163 . . 504 . . . . 185 48 . . . . . . . . . . . . . . . . . Slashing . | . . . . . . . . . . . . . . . . . . . . . . . . . . . . . Piercing 4557 | . . . . . . . . . . . . . 765 . 712 . . . . . 412 . 377 86 1603 100 502 . Highest Corruption 51 | . . . 4 4 4 . . 3 3 8 8 . 1 1 7 2 2 2 3 3 3 1 3 . 1 6 47 51 Average Corruption 7 | . . . 3 4 3 . . 2 3 4 4 . 1 1 5 1 2 2 2 3 3 1 2 . 1 4 36 49 Corruption Purged 9 | . . . . . 4 . . . . 5 . . . . . . . . . . . . . . . . . . Corruption Blocked . | . . . . . . . . . . . . . . . . . . . . . . . . . . . . . Effects 572 | . . . 3 40 56 . . 1 13 50 32 . 5 . 56 1 7 6 26 19 30 1 36 . 2 32 111 45 Message Errors 139 | . . . . 8 17 . . . 3 19 3 . 1 . 19 . 3 . 4 3 10 . 11 . 2 5 20 11 Matter Fused 130 | . . . 1 13 9 . . . 2 6 9 . 1 . 10 1 2 2 9 4 11 . 8 . . 8 26 8 Heat Flow Errors 62 | . . . 1 6 6 . . . 1 5 4 . 1 . 5 . 2 . 4 . 3 . 5 . . 4 11 4 Energy Discharges 61 | . . . . 4 10 . . . 2 5 4 . 1 . 3 . . 1 4 1 1 . 3 . . 4 13 5 Parts Rejected 8 | . . . . . . . . . . 1 . . . . . . . . 1 . . . 1 . . 3 . 2 Parts Fused 11 | . . . . 2 . . . . . . 1 . . . . . . . . 3 . . 2 . . . 2 1 Data Loss (minor) 77 | . . . . 5 9 . . . 3 3 4 . . . 13 . . 1 2 4 1 1 3 . . 7 15 6 Data Loss (major) 23 | . . . . . . . . . . 3 3 . . . 2 . . 1 . 1 . . . . . . 11 2 Misfires 23 | . . . 1 1 2 . . . . 3 3 . 1 . 1 . . 1 . 1 3 . 2 . . . 3 1 Alerts 13 | . . . . . 1 . . 1 1 2 . . . . 3 . . . 1 1 1 . 1 . . . 1 . Misdirections 4 | . . . . . . . . . . . . . . . . . . . . . . . . . . . 4 . Weapon Failures 21 | . . . . 1 2 . . . 1 3 1 . . . . . . . 1 1 . . . . . 1 5 5 Overload Shots . | . . . . . . . . . . . . . . . . . . . . . . . . . . . . . Overflow Damage 1463 | . . 492 34 . 24 46 32 . . 141 14 . 119 . 27 55 . 1 84 18 34 50 26 . 34 88 134 10 Projectiles 404 | . . . . . 11 . . . . 37 . . 42 . . 55 . 1 81 18 4 50 26 . . 18 51 10 Explosions 237 | . . 15 34 . 13 46 32 . . 13 14 . 7 . . . . . 3 . . . . . 34 16 10 . Melee 822 | . . 477 . . . . . . . 91 . . 70 . 27 . . . . . 30 . . . . 54 73 . Knockbacks 48 | . . 6 . . 5 . . . . 13 2 . 17 . 5 . . . . . . . . . . . . . Impact 11 | . . 5 . . 5 . . . . 1 . . . . . . . . . . . . . . . . . . Kinetic 36 | . . . . . . . . . . 12 2 . 17 . 5 . . . . . . . . . . . . . Secondary 1 | . . 1 . . . . . . . . . . . . . . . . . . . . . . . . . . Self-Inflicted Damage 866 | . . 85 . 30 19 24 165 . . 63 48 . 87 . 110 . . . . . 68 . . . . 113 54 . Shots 24 | . . 3 . 1 1 1 3 . . 1 1 . 3 . 3 . . . . . 2 . . . . 4 1 . Rammed 1 | . . . . . . . 1 . . . . . . . . . . . . . . . . . . . . . Targets Rammed 7 | . . . . . . . 5 . . . . . . . . . . . . . . . . . . 2 . . Kicked 6 | . . . . . . . 4 . . . . . . . . . . . . . . . . . . 2 . . Crushed . | . . . . . . . . . . . . . . . . . . . . . . . . . . . . . Highest Temperature 690 | . 130 18 178 273 274 36 342 . 216 337 253 . 192 . 332 193 209 94 426 204 438 130 199 189 450 319 272 690 Average Temperature 82 | . 28 8 15 64 38 13 89 . 119 113 101 . 95 . 60 101 78 46 102 86 83 68 72 85 132 113 59 164 Received Heat Transfer 5345 | . 234 54 253 18 . 36 801 12 . 406 268 . 507 . 606 4 . . 180 114 519 . 123 78 313 354 267 198 Effects 20 | . . . . . . . . . . 3 . . . . . . 1 . 3 . 1 . . . . 5 . 7 Shutdowns 3 | . . . . . . . . . . . . . . . . . . . . . 1 . . . . . . 2 Energy Bleed 5 | . . . . . . . . . . 2 . . . . . . . . 1 . . . . . . 1 . 1 Interference 10 | . . . . . . . . . . 1 . . . . . . 1 . 2 . . . . . . 4 . 2 Matter Decay 1 | . . . . . . . . . . . . . . . . . . . . . . . . . . . . 1 Damage (core) 1 | . . . . . . . . . . . . . . . . . . . . . . . . . . . . 1 Siege Activations 44 | . . . . . . . . . . 5 4 . 5 . 6 . . . 6 3 4 . 2 1 3 3 . 2 Total Turns 609 | . . . . . . . . . . 86 95 . 99 . 66 . . . 28 41 58 . 11 14 57 21 . 33 Longest Duration 39 | . . . . . . . . . . 39 37 . 33 . 24 . . . 12 17 17 . 7 14 37 12 . 20 Robots Corrupted 25 | . . . . . . . . . . . . . . . . . . . 2 3 4 . 4 3 4 1 4 . Combat Hostiles 25 | . . . . . . . . . . . . . . . . . . . 2 3 4 . 4 3 4 1 4 . Parts Fried 64 | . . 9 . . . . . . . . . . . . . 2 . . 6 8 9 . 6 8 8 . 8 . Impact Corruptions 25 | . . 18 . . 4 . . . . 3 . . . . . . . . . . . . . . . . . . Robots Melted 5 | . . . . . . . . . . . . . . . . . . . 1 . . . . . 1 1 2 . Combat Hostiles 5 | . . . . . . . . . . . . . . . . . . . 1 . . . . . 1 1 2 . Parts Melted 35 | . . 1 . . . . 11 . . . 1 . . . . . . . 3 1 . 2 . . 3 9 3 1 Heat Transferred 14084 | . . . . . . . 5809 . . . 1258 . . . 37 222 37 74 740 316 592 444 259 . 666 1924 753 953 Parts Sabotaged 1 | . . . . . . . . . . . . . . . . . . . . . . . . . . 1 . . Parts Stolen . | . . . . . . . . . . . . . . . . . . . . . . . . . . . . . Parts Stripped . | . . . . . . . . . . . . . . . . . . . . . . . . . . . . . Power Chain Reactions . | . . . . . . . . . . . . . . . . . . . . . . . . . . . . . Missiles Intercepted . | . . . . . . . . . . . . . . . . . . . . . . . . . . . . . Alert | -11 -10 -10 -9 -9 -9 -8 -8 -7 -7 -7 -7 -6 -6 -6 -6 -5 -5 -5 -5 -5 -5 -4 -4 -3 -3 -2 -2 -2 ------- Run | Jun Mat Min Mat Min Exi Min Mat Fac Was Fac Gar Fac Gar Fac Gar Fac Was Fac Gar Fac Gar Fac Gar Res Gar Res Tes Sec Peak Influence 1752 | . 243 387 507 409 . 201 906 488 170 644 1541 823 1752 921 1752 921 289 226 1071 705 1207 653 1733 1199 1427 1395 1004 608 Initial 974 | . . 94 43 141 . . 19 411 170 . 422 808 576 919 644 919 289 202 30 562 91 633 298 974 899 802 751 438 Average 628 | . 118 231 283 196 . 101 426 429 85 217 1136 808 1236 919 1167 840 289 164 589 451 676 567 902 1096 1136 1025 770 464 Maximum Alert Level 5 | . 1 1 2 2 . 1 3 2 . 2 4 3 5 3 5 3 1 1 3 3 4 2 5 4 4 4 3 2 Low Security (%) 20 | 100 86 23 34 55 . 95 15 . 100 58 . . . . . . . 28 19 15 9 . . . . . . . Level 1 15 | . 13 76 35 34 . 4 24 . . 20 . . . . . . 100 71 7 13 11 . 18 . . . . 11 Level 2 24 | . . . 30 9 . . 52 100 . 20 8 . 11 . 3 . . . 35 71 38 100 27 . . . 13 88 Level 3 24 | . . . . . . . 7 . . . 25 100 24 100 51 100 . . 38 . 29 . 11 48 56 71 86 . Level 4 13 | . . . . . . . . . . . 66 . 38 . 28 . . . . . 10 . 35 51 43 28 . . Level 5 2 | . . . . . . . . . . . . . 26 . 17 . . . . . . . 6 . . . . . High Security . | . . . . . . . . . . . . . . . . . . . . . . . . . . . . . Max Security . | . . . . . . . . . . . . . . . . . . . . . . . . . . . . . Sterilizations 1 | . . . . . . . 1 . . . . . . . . . . . . . . . . . . . . . Squads Dispatched 62 | . 3 1 7 . . . 9 . . 6 . . . . . 1 . 1 . 5 . 2 . 3 . 9 6 9 Investigation 8 | . 1 1 3 . . . 1 . . 1 . . . . . . . . . 1 . . . . . . . . Extermination 15 | . . . . . . . . . . 3 . . . . . 1 . . . 2 . 1 . 1 . 3 2 2 Reinforcement 26 | . 2 . 4 . . . 5 . . 2 . . . . . . . 1 . 1 . 1 . . . 1 3 6 Assault 11 | . . . . . . . 1 . . . . . . . . . . . . 1 . . . 2 . 5 1 1 Garrison 2 | . . . . . . . 2 . . . . . . . . . . . . . . . . . . . . . Intercept . | . . . . . . . . . . . . . . . . . . . . . . . . . . . . . Searches Triggered . | . . . . . . . . . . . . . . . . . . . . . . . . . . . . . Construction Impeded 3 | . . . . . . . 2 . . . . . . . . . . . . . . . . . . . . 1 Haulers Reinforced 2 | . . . . . . . . . . 1 . . . . . . . . . . . . . . . . 1 . Active Scanning Responses . | . . . . . . . . . . . . . . . . . . . . . . . . . . . . . Cargo Convoy Interrupts 1 | . . . . . . . . . . . . . . . . . . . . . . . . . . 1 . . Alert ID Control Effect 9 | . . . . . . . . . . . . . 5 . 1 . . . 1 . . . . . . 1 1 . Stealth | -11 -10 -10 -9 -9 -9 -8 -8 -7 -7 -7 -7 -6 -6 -6 -6 -5 -5 -5 -5 -5 -5 -4 -4 -3 -3 -2 -2 -2 --------- Run | Jun Mat Min Mat Min Exi Min Mat Fac Was Fac Gar Fac Gar Fac Gar Fac Was Fac Gar Fac Gar Fac Gar Res Gar Res Tes Sec Distress Signals 20 | . 1 . 4 . . . 6 . . 2 . . . . . . . . . . . 3 . 1 . 2 . 1 Communications Jammed 146 | . . . . . . . . . . 8 . . . . . . . . . 9 . 17 31 . . 40 41 . Distress Signals 145 | . . . . . . . . . . 8 . . . . . . . . . 9 . 17 31 . . 39 41 . Times Spotted 667 | . 20 14 39 13 38 12 76 2 5 35 29 1 54 . 32 5 1 3 29 22 26 20 34 8 23 63 42 21 Peak Tracking Total 10 | . 4 3 5 4 9 4 10 1 2 5 5 1 10 . 5 2 1 1 3 5 4 5 6 6 7 7 5 6 Tactical Retreats 45 | . . . . . 14 . 3 . 1 1 3 . 3 . . . . . 1 2 2 2 . 2 1 3 6 1 Traps | -11 -10 -10 -9 -9 -9 -8 -8 -7 -7 -7 -7 -6 -6 -6 -6 -5 -5 -5 -5 -5 -5 -4 -4 -3 -3 -2 -2 -2 ------- Run | Jun Mat Min Mat Min Exi Min Mat Fac Was Fac Gar Fac Gar Fac Gar Fac Was Fac Gar Fac Gar Fac Gar Res Gar Res Tes Sec Traps Triggered 46 | . 1 . 4 . . . 2 3 . 2 3 . 3 . 6 1 . . . . 10 . 7 . . 2 1 1 Indirectly . | . . . . . . . . . . . . . . . . . . . . . . . . . . . . . Trap Hack Attempts . | . . . . . . . . . . . . . . . . . . . . . . . . . . . . . Triggered . | . . . . . . . . . . . . . . . . . . . . . . . . . . . . . Disarmed 1 | . . . . . . . 1 . . . . . . . . . . . . . . . . . . . . . Reprogrammed . | . . . . . . . . . . . . . . . . . . . . . . . . . . . . . Reused 1 | . . . . . . . . . . . . . 1 . . . . . . . . . . . . . . . Traps Extracted . | . . . . . . . . . . . . . . . . . . . . . . . . . . . . . Installed 1 | . . . . . . . . . . . . . 1 . . . . . . . . . . . . . . . Triggered 4 | . . . . . . . . . . . . . 1 . . . . . . . . . . . . 2 1 . Most Traps Carried 6 | . . . . . . . . . . . 6 6 6 5 5 . . . . . . . . . . . . . Machines | -11 -10 -10 -9 -9 -9 -8 -8 -7 -7 -7 -7 -6 -6 -6 -6 -5 -5 -5 -5 -5 -5 -4 -4 -3 -3 -2 -2 -2 ---------- Run | Jun Mat Min Mat Min Exi Min Mat Fac Was Fac Gar Fac Gar Fac Gar Fac Was Fac Gar Fac Gar Fac Gar Res Gar Res Tes Sec Machines Disabled 79 | . . . 1 1 9 1 5 . . 4 6 . 11 . 7 . . . 7 2 6 . 5 . 1 1 10 2 Max in Single Turn 2 | . . . 1 . 2 1 1 . . 2 2 . 1 . 1 . . . 1 . 1 . 1 . 1 1 1 1 Garrison Access 5 | . . . . . . . 1 . . . . . . . . . . . . . . . . . . 3 1 . Garrison Relay 29 | . . . . . . . . . . . 3 . 7 . 4 . . . 6 . 5 . 3 . 1 . . . Machines Repaired . | . . . . . . . . . . . . . . . . . . . . . . . . . . . . . Machines Sabotaged . | . . . . . . . . . . . . . . . . . . . . . . . . . . . . . Overloaded Fab Kills . | . . . . . . . . . . . . . . . . . . . . . . . . . . . . . Hacking | -11 -10 -10 -9 -9 -9 -8 -8 -7 -7 -7 -7 -6 -6 -6 -6 -5 -5 -5 -5 -5 -5 -4 -4 -3 -3 -2 -2 -2 --------- Run | Jun Mat Min Mat Min Exi Min Mat Fac Was Fac Gar Fac Gar Fac Gar Fac Was Fac Gar Fac Gar Fac Gar Res Gar Res Tes Sec Machines Accessed 80 | . 5 2 7 1 2 . 8 . . 12 1 1 2 3 3 2 . 3 1 7 2 3 2 2 . 9 1 1 Terminals 49 | . 4 2 5 1 . . 7 . . 7 1 . 2 1 3 2 . 1 1 3 2 1 2 . . 3 . 1 Fabricators 9 | . . . . . . . . . . 4 . . . 1 . . . . . 3 . . . . . 1 . . Repair Stations 3 | . . . . . . . . . . . . . . . . . . 1 . . . . . . . 2 . . Recycling Units 4 | . 1 . 2 . . . . . . . . . . . . . . . . . . . . 1 . . . . Scanalyzers 2 | . . . . . . . 1 . . . . . . . . . . . . . . 1 . . . . . . Garrison Access 11 | . . . . . . . . . . 1 . 1 . 1 . . . 1 . 1 . 1 . 1 . 3 1 . Total Hacks 164 | . 16 6 15 2 2 . 25 . . 20 1 2 3 6 4 7 . 7 2 13 5 4 4 4 . 14 1 1 Successful 85 | . 9 3 9 . 2 . 14 . . 8 1 2 1 3 3 3 . 5 . 6 . 2 . 4 . 9 1 . Failed 79 | . 7 3 6 2 . . 11 . . 12 . . 2 3 1 4 . 2 2 7 5 2 4 . . 5 . 1 Catastrophic 16 | . 1 . . . . . 1 . . 3 . . . 2 1 . . . . 2 1 2 1 . . 1 . 1 Database Lockouts . | . . . . . . . . . . . . . . . . . . . . . . . . . . . . . Manual 47 | . 11 4 7 2 1 . 8 . . 7 . . . 3 . . . . . 2 . . . 2 . . . . Terminals 113 | . 15 6 12 2 . . 22 . . 13 1 . 3 4 4 7 . 2 2 5 5 1 4 . . 4 . 1 Fabricators 14 | . . . . . . . . . . 6 . . . 1 . . . . . 6 . . . . . 1 . . Repair Stations 9 | . . . . . . . . . . . . . . . . . . 3 . . . . . . . 6 . . Recycling Units 7 | . 1 . 3 . . . . . . . . . . . . . . . . . . . . 3 . . . . Scanalyzers 4 | . . . . . . . 3 . . . . . . . . . . . . . . 1 . . . . . . Garrison Access 15 | . . . . . . . . . . 1 . 2 . 1 . . . 2 . 2 . 2 . 1 . 3 1 . Terminal Hacks 44 | . 7 3 6 . 2 . 11 . . 2 1 . 1 1 3 3 . 1 . 1 . . . . . 2 . . Record 1 | . . . . . 1 . . . . . . . . . . . . . . . . . . . . . . . Part Schematic 3 | . 2 1 . . . . . . . . . . . . . . . . . . . . . . . . . . Robot Analysis 1 | . 1 . . . . . . . . . . . . . . . . . . . . . . . . . . . Prototype ID Bank 7 | . . 1 1 . . . 3 . . 1 . . . . . 1 . . . . . . . . . . . . Open Door 1 | . . . . . . . . . . . . . . . 1 . . . . . . . . . . . . . Branch Access Points 1 | . . . . . . . . . . . . . . . . . . . . . . . . . . 1 . . Emergency Access Points 3 | . . . . . . . . . . . 1 . 1 . 1 . . . . . . . . . . . . . Alert Level 2 | . . . 1 . . . 1 . . . . . . . . . . . . . . . . . . . . . Unreport Threat 5 | . . . 1 . . . 2 . . . . . . . . 1 . . . 1 . . . . . . . . Locate Traps 4 | . . . 2 . . . . . . . . . . . . 1 . 1 . . . . . . . . . . Disarm Traps 1 | . . . . . . . 1 . . . . . . . . . . . . . . . . . . . . . Patrol Status 1 | . 1 . . . . . . . . . . . . . . . . . . . . . . . . . . . Hauler Manifests 4 | . 1 . . . . . 1 . . 1 . . . 1 . . . . . . . . . . . . . . Registered Components 1 | . 1 . . . . . . . . . . . . . . . . . . . . . . . . . . . Zone Layout 7 | . 1 1 1 . . . 3 . . . . . . . . . . . . . . . . . . 1 . . Garrison Registry 1 | . . . . . . . . . . . . . . . 1 . . . . . . . . . . . . . Derelict Proto ID Bank 1 | . . . . . 1 . . . . . . . . . . . . . . . . . . . . . . . Fabricator Hacks 6 | . . . . . . . . . . 2 . . . 1 . . . . . 3 . . . . . . . . Network Status 3 | . . . . . . . . . . 1 . . . 1 . . . . . 1 . . . . . . . . Load Schematic 2 | . . . . . . . . . . 1 . . . . . . . . . 1 . . . . . . . . Build 1 | . . . . . . . . . . . . . . . . . . . . 1 . . . . . . . . Repair Station Hacks 6 | . . . . . . . . . . . . . . . . . . 2 . . . . . . . 4 . . Scan Component 3 | . . . . . . . . . . . . . . . . . . 1 . . . . . . . 2 . . Repair 3 | . . . . . . . . . . . . . . . . . . 1 . . . . . . . 2 . . Recycling Unit Hacks 1 | . . . . . . . . . . . . . . . . . . . . . . . . 1 . . . . Report Inventory 1 | . . . . . . . . . . . . . . . . . . . . . . . . 1 . . . . Scanalyzer 2 | . . . . . . . 2 . . . . . . . . . . . . . . . . . . . . . Insert Component 1 | . . . . . . . 1 . . . . . . . . . . . . . . . . . . . . . Analyze 1 | . . . . . . . 1 . . . . . . . . . . . . . . . . . . . . . Garrison Access Hacks 15 | . . . . . . . . . . 1 . 2 . 1 . . . 2 . 2 . 2 . 1 . 3 1 . Unlock Access 7 | . . . . . . . . . . 1 . 1 . 1 . . . 1 . 1 . 1 . 1 . . . . Seal Access 4 | . . . . . . . . . . . . . . . . . . . . . . . . . . 3 1 . Coupler Status 4 | . . . . . . . . . . . . 1 . . . . . 1 . 1 . 1 . . . . . . Unauthorized Hacks 11 | . 2 . 3 . . . 1 . . 3 . . . . . . . . . . . . . 2 . . . . Terminals 5 | . 1 . 1 . . . 1 . . 2 . . . . . . . . . . . . . . . . . . Track 1 | . . . . . . . . . . 1 . . . . . . . . . . . . . . . . . . Assimilate 1 | . 1 . . . . . . . . . . . . . . . . . . . . . . . . . . . Operators 3 | . . . 1 . . . 1 . . 1 . . . . . . . . . . . . . . . . . . Fabricators 1 | . . . . . . . . . . 1 . . . . . . . . . . . . . . . . . . Liberate 1 | . . . . . . . . . . 1 . . . . . . . . . . . . . . . . . . Repair Stations . | . . . . . . . . . . . . . . . . . . . . . . . . . . . . . Recycling Units 5 | . 1 . 2 . . . . . . . . . . . . . . . . . . . . 2 . . . . Recyclers 1 | . . . . . . . . . . . . . . . . . . . . . . . . 1 . . . . Mask 1 | . . . . . . . . . . . . . . . . . . . . . . . . 1 . . . . Tunnel 3 | . 1 . 2 . . . . . . . . . . . . . . . . . . . . . . . . . Scanalyzers . | . . . . . . . . . . . . . . . . . . . . . . . . . . . . . Garrison Access . | . . . . . . . . . . . . . . . . . . . . . . . . . . . . . Data Cores Recovered . | . . . . . . . . . . . . . . . . . . . . . . . . . . . . . Used . | . . . . . . . . . . . . . . . . . . . . . . . . . . . . . Hacking Detections 60 | . 3 2 4 1 . . 8 . . 9 1 . 2 2 2 2 . 3 1 7 2 3 2 1 . 4 . 1 Full Trace Events 3 | . 1 1 . . . . . . . . . . . . . . . . . 1 . . . . . . . . Feedback Events . | . . . . . . . . . . . . . . . . . . . . . . . . . . . . . Feedback Blocked . | . . . . . . . . . . . . . . . . . . . . . . . . . . . . . Robot Schematics Acquired . | . . . . . . . . . . . . . . . . . . . . . . . . . . . . . Robots Built . | . . . . . . . . . . . . . . . . . . . . . . . . . . . . . Authchips . | . . . . . . . . . . . . . . . . . . . . . . . . . . . . . Time . | . . . . . . . . . . . . . . . . . . . . . . . . . . . . . Total Robot Build Rating . | . . . . . . . . . . . . . . . . . . . . . . . . . . . . . Part Schematics Acquired 3 | . 2 . . . . . 1 . . . . . . . . . . . . . . . . . . . . . Parts Built 1 | . . . . . . . . . . . . . . . . . . . . 1 . . . . . . . . Authchips . | . . . . . . . . . . . . . . . . . . . . . . . . . . . . . Time 25 | . . . . . . . . . . . . . . . . . . . . 25 . . . . . . . . Total Part Build Rating 1 | . . . . . . . . . . . . . . . . . . . . 1 . . . . . . . . Parts Repaired 3 | . . . . . . . . . . . . . . . . . . 1 . . . . . . . 2 . . Time 170 | . . . . . . . . . . . . . . . . . . 74 . . . . . . . 96 . . Parts Recycled . | . . . . . . . . . . . . . . . . . . . . . . . . . . . . . Recycled Matter . | . . . . . . . . . . . . . . . . . . . . . . . . . . . . . Retrieved Matter . | . . . . . . . . . . . . . . . . . . . . . . . . . . . . . Retrieved Components . | . . . . . . . . . . . . . . . . . . . . . . . . . . . . . Parts Scanalyzed 1 | . . . . . . . 1 . . . . . . . . . . . . . . . . . . . . . Part Schematics Acquired 1 | . . . . . . . 1 . . . . . . . . . . . . . . . . . . . . . Parts Damaged . | . . . . . . . . . . . . . . . . . . . . . . . . . . . . . Bothacking | -11 -10 -10 -9 -9 -9 -8 -8 -7 -7 -7 -7 -6 -6 -6 -6 -5 -5 -5 -5 -5 -5 -4 -4 -3 -3 -2 -2 -2 ------------ Run | Jun Mat Min Mat Min Exi Min Mat Fac Was Fac Gar Fac Gar Fac Gar Fac Was Fac Gar Fac Gar Fac Gar Res Gar Res Tes Sec Used RIF Installer 8 | . . . . . . . . . . . 2 . 1 . 1 . . . 1 . 1 . 2 . . . . . Hotswap 1 | . . . . . . . . . . . . . . . . . . . . . . . 1 . . . . . Code Merge 2 | . . . . . . . . . . . . . . . . . . . . . 1 . 1 . . . . . Signal Jammer 1 | . . . . . . . . . . . . . . . . . . . 1 . . . . . . . . . Robot Detection 1 | . . . . . . . . . . . . . . . 1 . . . . . . . . . . . . . Alert ID Control 1 | . . . . . . . . . . . 1 . . . . . . . . . . . . . . . . . Program Shield 1 | . . . . . . . . . . . . . 1 . . . . . . . . . . . . . . . Robots Hacked 114 | . . . . . . . . . . . 1 . 15 . 11 1 1 2 9 6 9 12 16 2 4 17 7 1 Non-combat 14 | . . . . . . . . . . . . . . . . . . 2 . 4 . 4 . . . 2 2 . Combat 100 | . . . . . . . . . . . 1 . 15 . 11 1 1 . 9 2 9 8 16 2 4 15 5 1 Robot Hacks Applied 122 | . . . . . . . . . . . 1 . 15 . 11 1 1 2 10 7 9 12 20 2 4 18 8 1 drop_inventory 7 | . . . . . . . . . . . . . . . . . . 1 . 3 . 2 . . . . 1 . purge_threat 2 | . . . . . . . . . . . . . . . . . . . . 2 . . . . . . . . block_reporting 1 | . . . . . . . . . . . . . . . . . . . . . . . . . . . 1 . map_route 6 | . . . . . . . . . . . . . . . . . . 1 . . . 2 . . . 3 . . disable_scanner 1 | . . . . . . . . . . . . . . . . . . . . . . . . . . . 1 . ignore_targets 1 | . . . . . . . . . . . . . . . . . 1 . . . . . . . . . . . emergency_deploy 1 | . . . . . . . . . . . . . . . . . . . 1 . . . . . . . . . link_complan 1 | . . . . . . . . . . . . . . . . . . . . . . . . . . 1 . . disrupt_area 1 | . . . . . . . . . . . . . . . . . . . . . . . . . . 1 . . spike_heat 1 | . . . . . . . . . . . . . . . . . . . . . . . . . 1 . . . overload_power 6 | . . . . . . . . . . . . . 2 . 1 . . . 2 . . . . . 1 . . . amplify_resonance 25 | . . . . . . . . . . . . . 2 . 4 1 . . 1 1 2 3 7 . . 3 1 . wipe_record 19 | . . . . . . . . . . . . . 2 . . . . . 2 . . 1 8 1 . 5 . . disable_weapons 1 | . . . . . . . . . . . . . 1 . . . . . . . . . . . . . . . reboot_system 20 | . . . . . . . . . . . 1 . 1 . 3 . . . . . 3 4 3 1 . 1 2 1 overwrite_iff 23 | . . . . . . . . . . . . . 7 . 2 . . . 3 1 1 . 2 . 2 3 2 . formatsys_high 5 | . . . . . . . . . . . . . . . 1 . . . 1 . 3 . . . . . . . formatsys_deep 1 | . . . . . . . . . . . . . . . . . . . . . . . . . . 1 . . Relay Couplers Released 135 | . . . . . . . 1 . . 4 15 . 30 . 19 . . . 26 . 18 . 17 . 3 . 2 . Machine Destruction 121 | . . . . . . . 1 . . . 15 . 30 . 16 . . . 23 . 18 . 13 . 3 . 2 . Programmers 14 | . . . . . . . . . . 4 . . . . 3 . . . 3 . . . 4 . . . . . Attached 42 | . . . . . . . . . . . 1 . 7 . 9 . 1 . 2 2 7 2 5 . 1 3 2 . Merged Code Value 40 | . . . . . . . . . . . . . . . . . . . . . 8 . 32 . . . . . Fabnet Peak Effective % . | . . . . . . . . . . . . . . . . . . . . . . . . . . . . . Robots Rewired 19 | . . . . . . . . . . . . . 6 . 4 . . . 5 . . . 4 . . . . . Allies Hacked 1 | . . . . . . . . . . 1 . . . . . . . . . . . . . . . . . . Hacks Repelled . | . . . . . . . . . . . . . . . . . . . . . . . . . . . . . Allies | -11 -10 -10 -9 -9 -9 -8 -8 -7 -7 -7 -7 -6 -6 -6 -6 -5 -5 -5 -5 -5 -5 -4 -4 -3 -3 -2 -2 -2 -------- Run | Jun Mat Min Mat Min Exi Min Mat Fac Was Fac Gar Fac Gar Fac Gar Fac Was Fac Gar Fac Gar Fac Gar Res Gar Res Tes Sec Total Allies 61 | . 1 . . 1 . . . . . 6 2 . 13 . 7 . . . 9 1 5 . 6 . 2 6 2 . Largest Group 6 | . 1 . . 1 1 . . . . 3 2 . 6 1 3 1 . . 3 3 3 2 4 . 1 2 1 . Highest-Rated Group 272 | . 10 . . 31 31 . . . . 100 62 . 156 21 145 106 . . 171 171 215 186 272 . 47 138 30 . Highest-Rated Ally 137 | . 10 . . 31 31 . . . . 37 31 . 32 21 116 106 . . 85 85 137 137 68 . 47 69 30 . Total Orders 8 | . . . . . . . . . . . . . . . 4 . . . 2 1 . . 1 . . . . . ROAM 5 | . . . . . . . . . . . . . . . 2 . . . 1 1 . . 1 . . . . . FOLLOW 3 | . . . . . . . . . . . . . . . 2 . . . 1 . . . . . . . . . Ally Attacks 249 | . . . . 6 . . . . . 15 26 . 23 . 43 2 . . 17 14 31 3 30 . 3 29 7 . Total Damage 9651 | . . . . 42 . . . . . 171 687 . 716 . 1871 188 . . 732 730 1265 163 2111 . 86 848 41 . Kills 53 | . . . . . . . . . . 2 5 . 6 . 11 . . . 3 4 6 . 12 . . 3 1 . Allies Corrupted 3 | . . . . . . . . . . . . . . . 3 . . . . . . . . . . . . . Allies Melted . | . . . . . . . . . . . . . . . . . . . . . . . . . . . . . Turrets Deployed 1 | . . . . . . . . . . . 1 . . . . . . . . . . . . . . . . . Intel | -11 -10 -10 -9 -9 -9 -8 -8 -7 -7 -7 -7 -6 -6 -6 -6 -5 -5 -5 -5 -5 -5 -4 -4 -3 -3 -2 -2 -2 ------- Run | Jun Mat Min Mat Min Exi Min Mat Fac Was Fac Gar Fac Gar Fac Gar Fac Was Fac Gar Fac Gar Fac Gar Res Gar Res Tes Sec Robot Analysis Total 1 | . 1 . . . . . . . . . . . . . . . . . . . . . . . . . . . Derelict Logs Recovered 3 | . . 2 . 1 . . . . . . . . . . . . . . . . . . . . . . . . Drone Launches . | . . . . . . . . . . . . . . . . . . . . . . . . . . . . . Drone Recoveries . | . . . . . . . . . . . . . . . . . . . . . . . . . . . . . Exploration | -11 -10 -10 -9 -9 -9 -8 -8 -7 -7 -7 -7 -6 -6 -6 -6 -5 -5 -5 -5 -5 -5 -4 -4 -3 -3 -2 -2 -2 ------------- Run | Jun Mat Min Mat Min Exi Min Mat Fac Was Fac Gar Fac Gar Fac Gar Fac Was Fac Gar Fac Gar Fac Gar Res Gar Res Tes Sec Turns Passed 35320 | 3 757 921 2211 1460 2847 963 2292 285 657 2279 1701 215 1406 304 2191 379 304 557 1772 1206 2004 882 2414 284 716 1622 1936 752 Spaces Moved 15247 | 1 326 430 763 604 896 480 853 152 295 1206 867 130 585 178 1096 217 204 322 997 453 731 322 867 111 245 707 928 281 Core . | . . . . . . . . . . . . . . . . . . . . . . . . . . . . . Treads 9839 | 1 109 . 17 . 307 . 539 152 295 888 490 130 585 178 1096 217 204 322 997 453 731 322 867 111 245 583 . . Legs 2076 | . . . . . 154 480 200 . . . . . . . . . . . . . . . . . . 124 837 281 Wheels 3332 | . 217 430 746 604 435 . 114 . . 318 377 . . . . . . . . . . . . . . . 91 . Hover . | . . . . . . . . . . . . . . . . . . . . . . . . . . . . . Flight . | . . . . . . . . . . . . . . . . . . . . . . . . . . . . . Fastest Speed 115 | 160 160 175 190 230 190 190 160 156 155 130 130 160 160 165 145 145 145 145 145 145 237 243 245 162 160 120 115 185 Average Speed 185 | 160 177 184 218 230 247 190 197 159 172 152 152 160 162 165 157 145 145 145 145 216 241 244 245 162 181 174 155 185 Slowest Speed 330 | 160 215 190 320 230 320 190 330 236 236 160 240 160 165 165 165 145 145 145 145 237 243 245 245 163 245 245 190 187 Overloaded Moves . | . . . . . . . . . . . . . . . . . . . . . . . . . . . . . Propulsion Burnouts . | . . . . . . . . . . . . . . . . . . . . . . . . . . . . . Robots Hopped . | . . . . . . . . . . . . . . . . . . . . . . . . . . . . . Cave-ins Triggered . | . . . . . . . . . . . . . . . . . . . . . . . . . . . . . Exploration Rate (%) 49 | 3 62 90 87 99 88 90 87 8 100 35 64 6 54 6 80 7 92 11 80 18 52 12 72 5 33 22 66 17 Regions Visited 28 Branch Regions 6 Pre-discovered Areas 5 | . 1 1 2 . 1 . . . . . . . . . . . . . . . . . . . . . . . Known Exits Taken 8 | . . . . . . . . . . 1 . 1 . 1 . . . 1 . 1 . 1 . 1 . 1 . . Unknown Exits Taken 9 | 1 1 1 1 1 1 1 1 . . . . . . . . . . . . . . . . . . . 1 . Scrap Searched 6 | . . 1 . 2 . 3 . . . . . . . . . . . . . . . . . . . . . . Spaces Dug 242 | . . 6 2 12 . 10 24 . . 31 14 . 40 2 16 . . 2 6 15 . 2 3 7 12 20 9 9 Terrain Destroyed 977 | . 11 41 22 34 52 61 109 . 2 94 72 . 114 2 42 3 . 3 48 17 51 3 8 7 77 56 33 15 Melee 38 | . . . 2 . . . 1 . . 3 . . . 2 . . . . . . . . . 2 12 2 8 6 Projectile 167 | . . . . . 10 . . . 2 15 18 . 15 . 3 3 . 3 12 17 5 3 8 5 4 34 4 6 AOE 758 | . 11 41 20 34 41 61 108 . . 75 50 . 99 . 39 . . . 36 . 46 . . . 61 20 16 . Terrain Rammed . | . . . . . . . . . . . . . . . . . . . . . . . . . . . . . Walls Destroyed . | . . . . . . . . . . . . . . . . . . . . . . . . . . . . . Machines Disabled . | . . . . . . . . . . . . . . . . . . . . . . . . . . . . . Actions | -11 -10 -10 -9 -9 -9 -8 -8 -7 -7 -7 -7 -6 -6 -6 -6 -5 -5 -5 -5 -5 -5 -4 -4 -3 -3 -2 -2 -2 --------- Run | Jun Mat Min Mat Min Exi Min Mat Fac Was Fac Gar Fac Gar Fac Gar Fac Was Fac Gar Fac Gar Fac Gar Res Gar Res Tes Sec Total 20234 | 4 431 484 1147 642 1288 510 1165 176 401 1473 1110 137 878 184 1446 270 210 407 1282 673 941 413 1145 198 426 1064 1308 421 Wait 1824 | . 14 2 200 7 204 3 57 2 16 104 115 . 81 . 93 29 . 69 107 129 69 21 90 50 53 125 146 38 Move 15228 | . 325 429 762 603 895 479 852 152 294 1206 866 130 584 178 1095 217 203 322 996 453 730 322 865 111 244 707 927 281 Hop . | . . . . . . . . . . . . . . . . . . . . . . . . . . . . . Pick Up 257 | . 23 2 26 1 21 2 25 2 25 8 9 2 9 . 18 1 1 3 7 2 19 5 10 . 3 14 12 7 Fast Attach 153 | . 4 . 4 . . 1 8 . 13 11 5 1 6 2 12 1 . . 3 . 2 5 1 1 5 20 40 8 Attach 116 | 2 3 2 6 . 14 1 12 4 1 2 3 2 4 . 5 2 1 . 2 2 6 2 3 1 3 14 14 5 Detach 18 | . . . . . . . 1 . 4 . 2 . . . 4 . . . . . . . . . . 1 4 2 Swap 297 | . 9 6 18 8 18 10 26 3 . 13 13 . 30 . 26 6 2 . 18 9 18 7 12 5 13 11 11 5 Drop 238 | 2 7 . 23 2 14 2 22 . 17 15 12 2 14 2 24 2 1 2 7 2 11 12 7 . 7 12 14 3 Fire 1730 | . 46 19 106 21 122 12 156 13 31 109 75 . 111 . 88 12 2 11 125 76 60 39 83 24 64 156 110 59 Melee 156 | . . 24 2 . . . 1 . . 5 2 . 14 2 12 . . . . . 8 . 5 6 34 3 25 13 Ram . | . . . . . . . . . . . . . . . . . . . . . . . . . . . . . Kick 5 | . . . . . . . 4 . . . . . . . . . . . . . . . . . . 1 . . Crush 1 | . . . . . . . 1 . . . . . . . . . . . . . . . . . . . . . Escape Stasis 47 | . . . . . . . . . . . 8 . . . . . . . . . 18 . 16 . . . 5 . Rewire 163 | . . . . . . . . . . . . . 24 . 69 . . . 17 . . . 53 . . . . . Trap 1 | . . . . . . . . . . . . . 1 . . . . . . . . . . . . . . . Miscellaneous . | . . . . . . . . . . . . . . . . . . . . . . . . . . . . . Route ------- -11/Junkyard -10/Materials (discovered 4 exits: *Mat / *Min x2 / [*Sub]) -10/Mines (discovered 2 exits: *Mat x2) -9/Materials (discovered 4 exits: *Mat x3 / *Min) -9/Mines (discovered 3 exits: *Mat x2 / *Exi) -9/Exiles -8/Mines (discovered 2 exits: *Mat x2) -8/Materials (discovered 3 exits: [*Fac x3]) -7/Factory -7/Waste -7/Factory (discovered 5 exits: *Fac x2 / [*Low x2] / Gar) -7/Garrison (discovered 2 exits: *Fac x2) -6/Factory (discovered 2 exits: *Fac / Gar) -6/Garrison -6/Factory -6/Garrison (discovered 3 exits: *Fac x3) -5/Factory -5/Waste -5/Factory (discovered 3 exits: [*Upp] / [Ext] / Gar) -5/Garrison (discovered 3 exits: *Fac x3) -5/Factory (discovered 2 exits: *Fac / Gar) -5/Garrison (discovered 2 exits: *Fac x2) -4/Factory (discovered 2 exits: *Res / Gar) -4/Garrison (discovered 3 exits: *Res x3) -3/Research -3/Garrison -2/Research (discovered 3 exits: [Acc] / *Tes x2) -2/Testing -2/Section 7 History --------- Turn | Location | Event 4 | -11/Junkyard | Discovered new exit (range 0) 4 | -11/Junkyard | Entered Materials 173 | -10/Materials | Discovered new exit (range 14) 214 | -10/Materials | Discovered new exit (range 12) 329 | -10/Materials | Discovered new exit (range 8) 333 | -10/Materials | Build established: Mutant 600 | -10/Materials | Derelicts attacked the area 738 | -10/Materials | Discovered new exit (range 12) 761 | -10/Materials | Entered Mines 958 | -10/Mines | A weapon hastily lodged in a ceiling crevice suddenly fell to the ground 1046 | -10/Mines | Found a hidden stash of uninstalled traps 1363 | -10/Mines | Discovered new exit (range 15) 1432 | -10/Mines | Core integrity fell below 50% 1563 | -10/Mines | Learned location of Zion (-6) 1576 | -10/Mines | Learned Materials terminal intel 1597 | -10/Mines | Discovered new exit (range 14) 1682 | -10/Mines | Entered Materials 1682 | -9/Materials | Evolved 2 slots: Utility x2 1683 | -9/Materials | Loaded intel: 12 terminal locations 2123 | -9/Materials | Discovered new exit (range 11) 2640 | -9/Materials | Discovered new exit (range 4) 3153 | -9/Materials | Discovered new exit (range 3) 3877 | -9/Materials | Discovered new exit (range 7) 3893 | -9/Materials | Entered Mines 4084 | -9/Mines | Assembled infested the area 4393 | -9/Mines | Escorted by a lone wolf Derelict 4394 | -9/Mines | Discovered new exit (range 5) 4478 | -9/Mines | Discovered new exit (range 13) 4996 | -9/Mines | Joined a pair of Derelicts in attacking an 0b10 outpost 5344 | -9/Mines | Discovered new exit (range 5) 5353 | -9/Mines | Entered Exiles 5353 | -9/Exiles | Accompanied by 1 ally 5408 | -9/Exiles | Met 8R-AWN 5447 | -9/Exiles | Met EX-HEX 5531 | -9/Exiles | Met EX-DEC 5647 | -9/Exiles | Discovered new exit (range 12) 6017 | -9/Exiles | Met EX-BIN 6043 | -9/Exiles | Aligned with FarCom system 6045 | -9/Exiles | Given EX-Vault access code 6099 | -9/Exiles | Opened EX-Vault 6159 | -9/Exiles | Warned to stay clear of 0b10 Research branches 6266 | -9/Exiles | Attacked by the Exiles 6381 | -9/Exiles | Core integrity fell below 50% 6446 | -9/Exiles | Lost 6 parts (1p1n1u3w) 6513 | -9/Exiles | Lost 4 parts (2n1u1w) 6516 | -9/Exiles | Found Prototype Ballistic Gun 6521 | -9/Exiles | Found Prototype Ballistic Gun 6619 | -9/Exiles | Found Prototype Device 6876 | -9/Exiles | Destroyed 8R-AWN 6895 | -9/Exiles | Found Prototype Protection 6954 | -9/Exiles | Identified 8R-AWN's Boregun (x2) 7411 | -9/Exiles | Found AWS/Autocannon 7768 | -9/Exiles | Destroyed EX-HEX 7784 | -9/Exiles | Destroyed EX-BIN 7820 | -9/Exiles | Found Prototype Device 7840 | -9/Exiles | Destroyed EX-DEC 7868 | -9/Exiles | Identified AS-neutralizer No. 17b 7870 | -9/Exiles | Identified System Purifier 7968 | -9/Exiles | Found Deploy-a-Sentry 7971 | -9/Exiles | Found Prototype Processor 8200 | -9/Exiles | Stole two prototypes: AWS/Autocannon, Deploy-a-Sentry 8200 | -9/Exiles | Entered Mines 8239 | -8/Mines | Core integrity fell below 20% 9083 | -8/Mines | Discovered new exit (range 12) 9153 | -8/Mines | Discovered new exit (range 5) 9163 | -8/Mines | Entered Materials 9163 | -8/Materials | Evolved 2 slots: Propulsion x2 9360 | -8/Materials | Identified Exp. Core Analyzer 9653 | -8/Materials | Lost 5 parts (3n1u1w) 9656 | -8/Materials | Destroyed 11 combat bots 9918 | -8/Materials | Build established: Scavenger-Mutant 10035 | -8/Materials | Discovered new exit (range 14) 10802 | -8/Materials | Discovered new exit (range 11) 10881 | -8/Materials | Build established: Mutant 11107 | -8/Materials | Garrison activated, responded to threat 11300 | -8/Materials | Core integrity fell below 50% 11308 | -8/Materials | Lost 3 parts (1p2w) 11346 | -8/Materials | Sterilization system engaged 11346 | -8/Materials | Non-combat units ordered to evacuate 11357 | -8/Materials | Destroyed 9 combat bots 11439 | -8/Materials | Discovered new exit (range 11) 11446 | -8/Materials | Combat units ordered to evacuate 11455 | -8/Materials | Entered Factory 11455 | -7/Factory | Evolved 2 slots: Utility x2 11740 | -7/Factory | Sucked down chute 11740 | -7/Factory | Entered Waste 11802 | -7/Waste | Spotted C-40 Crusher 11811 | -7/Waste | Spotted C-40 Crusher 11812 | -7/Waste | Destroyed C-40 Crusher 11856 | -7/Waste | Spotted C-40 Crusher 11864 | -7/Waste | Destroyed C-40 Crusher 11868 | -7/Waste | Spotted C-40 Crusher 11876 | -7/Waste | Destroyed C-40 Crusher 11919 | -7/Waste | Spotted C-40 Crusher 11927 | -7/Waste | Destroyed C-40 Crusher 11929 | -7/Waste | Crushed by Compactor (0 parts destroyed, 2 dropped) 11932 | -7/Waste | Crushed by Compactor (1 part destroyed) 11935 | -7/Waste | Crushed by Compactor (1 part destroyed) 11936 | -7/Waste | Destroyed C-40 Crusher 11966 | -7/Waste | Lost 5 parts (1n1u3w) 11982 | -7/Waste | Spotted C-40 Crusher 12000 | -7/Waste | Crushed by Compactor (0 parts destroyed, 1 dropped) 12003 | -7/Waste | Crushed by Compactor (1 part destroyed) 12011 | -7/Waste | Destroyed C-40 Crusher 12034 | -7/Waste | Found Damper Plating 12190 | -7/Waste | Build established: Scavenger-Mutant 12217 | -7/Waste | Discovered new exit (range 12) 12397 | -7/Waste | Entered Factory 12680 | -7/Factory | Discovered new exit (range 13) 12732 | -7/Factory | Discovered new exit (range 16) 12870 | -7/Factory | Discovered new exit (range 11) 12909 | -7/Factory | P-60 Hacker assimilated hostile O-24 Administrator 13467 | -7/Factory | Discovered new exit (range 15) 14676 | -7/Factory | Identified exit to Garrison 14676 | -7/Factory | Entered Garrison 14814 | -7/Garrison | Garrison Relay disabled 14861 | -7/Garrison | Triggered checkpoint 14906 | -7/Garrison | Triggered checkpoint 15062 | -7/Garrison | Triggered checkpoint 15064 | -7/Garrison | DAS Turret deployed 15139 | -7/Garrison | Discovered new exit (range 12) 15151 | -7/Garrison | Installed Relay Interface Framework 15224 | -7/Garrison | Rescued a captive Derelict 15233 | -7/Garrison | Rescued a captive Derelict 15297 | -7/Garrison | Garrison Relay disabled 15924 | -7/Garrison | Triggered checkpoint 15943 | -7/Garrison | Build established: Bothacker-Mutant 15977 | -7/Garrison | Garrison Relay disabled 16127 | -7/Garrison | Expanded RIF knowledge: Alert ID Control 16191 | -7/Garrison | Discovered new exit (range 9) 16377 | -7/Garrison | Entered Factory 16377 | -6/Factory | Evolved 2 slots: Utility x2 16381 | -6/Factory | Discovered new exit (range 14) 16592 | -6/Factory | Identified exit to Garrison 16592 | -6/Factory | Entered Garrison 16636 | -6/Garrison | Triggered checkpoint 16711 | -6/Garrison | Garrison Relay disabled 16902 | -6/Garrison | Triggered checkpoint 16935 | -6/Garrison | Triggered checkpoint 16937 | -6/Garrison | Triggered checkpoint 16967 | -6/Garrison | Triggered checkpoint 17063 | -6/Garrison | Discovered new exit (range 14) 17115 | -6/Garrison | Expanded RIF knowledge: Program Shield 17156 | -6/Garrison | Triggered checkpoint 17180 | -6/Garrison | Garrison Relay disabled 17284 | -6/Garrison | H-XX Assembler disabled 17390 | -6/Garrison | Garrison Relay disabled 17520 | -6/Garrison | Garrison Relay disabled 17522 | -6/Garrison | Garrison Relay disabled 17525 | -6/Garrison | Garrison Relay disabled 17618 | -6/Garrison | Triggered checkpoint 17624 | -6/Garrison | Garrison Relay disabled 17998 | -6/Garrison | Entered Factory 17998 | -6/Factory | Accompanied by 1 ally 18302 | -6/Factory | Identified exit to Garrison 18302 | -6/Factory | Entered Garrison 18302 | -6/Garrison | Accompanied by 1 ally 18338 | -6/Garrison | Triggered checkpoint 18491 | -6/Garrison | Garrison Relay disabled 18668 | -6/Garrison | Triggered checkpoint 18672 | -6/Garrison | Triggered checkpoint 18678 | -6/Garrison | Spotted B-75 Beast 18740 | -6/Garrison | Destroyed B-75 Beast 18912 | -6/Garrison | Expanded RIF knowledge: Robot Detection 18952 | -6/Garrison | Garrison Relay disabled 19039 | -6/Garrison | Discovered new exit (range 15) 19205 | -6/Garrison | Discovered new exit (range 8) 19230 | -6/Garrison | Spotted B-86 Titan 19236 | -6/Garrison | Rewired B-86 Titan 19264 | -6/Garrison | Allies destroyed B-86 Titan 19484 | -6/Garrison | Triggered checkpoint 19551 | -6/Garrison | Garrison Relay disabled 19572 | -6/Garrison | Discovered new exit (range 13) 19572 | -6/Garrison | Discovered new exit (range 59) 19572 | -6/Garrison | Discovered new exit (range 78) 19630 | -6/Garrison | Triggered checkpoint 19642 | -6/Garrison | Triggered checkpoint 19684 | -6/Garrison | Triggered checkpoint 19723 | -6/Garrison | Spotted B-75 Beast 19759 | -6/Garrison | Destroyed B-75 Beast 19767 | -6/Garrison | Garrison Relay disabled 20102 | -6/Garrison | Triggered checkpoint 20108 | -6/Garrison | Triggered checkpoint 20468 | -6/Garrison | Found Quantum Capacitor 20493 | -6/Garrison | Entered Factory 20493 | -5/Factory | Accompanied by 1 ally 20493 | -5/Factory | Evolved 2 slots: Power x1, Utility x1 20767 | -5/Factory | Discovered new exit (range 10) 20872 | -5/Factory | Sucked down chute 20872 | -5/Factory | Entered Waste 20872 | -5/Waste | The area was eerily silent 20980 | -5/Waste | A Compactor rumbled back to life 20983 | -5/Waste | Spotted C-40 Crusher 21030 | -5/Waste | Discovered new exit (range 12) 21176 | -5/Waste | Entered Factory 21341 | -5/Factory | Discovered new exit (range 21) 21341 | -5/Factory | Discovered new exit (range 49) 21475 | -5/Factory | Repaired Enh. Nova Cannon 21733 | -5/Factory | Identified exit to Garrison 21733 | -5/Factory | Entered Garrison 21854 | -5/Garrison | Spotted B-75 Beast 21864 | -5/Garrison | Triggered checkpoint 21872 | -5/Garrison | Triggered checkpoint 21934 | -5/Garrison | Triggered checkpoint 21973 | -5/Garrison | Garrison Relay disabled 22132 | -5/Garrison | Destroyed B-75 Beast 22156 | -5/Garrison | Triggered checkpoint 22286 | -5/Garrison | Garrison Relay disabled 22378 | -5/Garrison | Discovered new exit (range 13) 22508 | -5/Garrison | Triggered checkpoint 22605 | -5/Garrison | Discovered new exit (range 11) 22756 | -5/Garrison | Spotted B-75 Beast 22758 | -5/Garrison | Discovered new exit (range 12) 22761 | -5/Garrison | Spotted B-75 Beast 22762 | -5/Garrison | Triggered checkpoint 22790 | -5/Garrison | Garrison Relay disabled 22807 | -5/Garrison | Garrison Relay disabled 22831 | -5/Garrison | Destroyed B-75 Beast 22880 | -5/Garrison | Rewired B-75 Beast 22896 | -5/Garrison | Destroyed B-75 Beast 22966 | -5/Garrison | Triggered checkpoint 23062 | -5/Garrison | Triggered checkpoint 23066 | -5/Garrison | Garrison Relay disabled 23206 | -5/Garrison | Expanded RIF knowledge: Signal Jamming 23430 | -5/Garrison | Garrison Relay disabled 23476 | -5/Garrison | Spotted Striker 23477 | -5/Garrison | Spotted Striker 23505 | -5/Garrison | Entered Factory 23505 | -5/Factory | Accompanied by 3 allies 23645 | -5/Factory | Fabricated Huge Storage Unit (x1) 23805 | -5/Factory | First assault squad dispatched 24169 | -5/Factory | Discovered new exit (range 15) 24711 | -5/Factory | Identified exit to Garrison 24711 | -5/Factory | Entered Garrison 24804 | -5/Garrison | Triggered checkpoint 24847 | -5/Garrison | Garrison Relay disabled 24963 | -5/Garrison | Heavy support dispatched to Factory 25105 | -5/Garrison | Triggered checkpoint 25126 | -5/Garrison | Spotted B-75 Beast 25143 | -5/Garrison | Destroyed B-75 Beast 25155 | -5/Garrison | Build established: Botlord-Mutant 25407 | -5/Garrison | Discovered new exit (range 11) 25438 | -5/Garrison | Triggered checkpoint 25483 | -5/Garrison | Garrison Relay disabled 25540 | -5/Garrison | Garrison Relay disabled 25558 | -5/Garrison | Triggered checkpoint 25653 | -5/Garrison | Triggered checkpoint 25960 | -5/Garrison | Triggered checkpoint 26013 | -5/Garrison | Garrison Relay disabled 26099 | -5/Garrison | Heavy support dispatched to Factory 26440 | -5/Garrison | Triggered checkpoint 26501 | -5/Garrison | Discovered new exit (range 11) 26528 | -5/Garrison | Triggered checkpoint 26582 | -5/Garrison | Expanded RIF knowledge: Code Merge 26604 | -5/Garrison | Garrison Relay disabled 26689 | -5/Garrison | Heavy support dispatched to Factory 26715 | -5/Garrison | Entered Factory 26715 | -4/Factory | Accompanied by 2 allies 26715 | -4/Factory | Evolved 2 slots: Utility x2 26806 | -4/Factory | Discovered new exit (range 22) 26877 | -4/Factory | Found Quantum Capacitor 27597 | -4/Factory | Identified exit to Garrison 27597 | -4/Factory | Entered Garrison 27668 | -4/Garrison | Triggered checkpoint 27731 | -4/Garrison | Garrison Relay disabled 28114 | -4/Garrison | Triggered checkpoint 28356 | -4/Garrison | Discovered new exit (range 11) 28532 | -4/Garrison | Triggered checkpoint 28647 | -4/Garrison | Discovered new exit (range 10) 28701 | -4/Garrison | Triggered checkpoint 28792 | -4/Garrison | Triggered checkpoint 28841 | -4/Garrison | Garrison Relay disabled 28956 | -4/Garrison | Triggered checkpoint 28991 | -4/Garrison | Garrison Relay disabled 29174 | -4/Garrison | Triggered checkpoint 29226 | -4/Garrison | Triggered checkpoint 29278 | -4/Garrison | Discovered new exit (range 10) 29356 | -4/Garrison | Triggered checkpoint 29429 | -4/Garrison | Expanded RIF knowledge: Code Merge 29752 | -4/Garrison | Expanded RIF knowledge: Hotswap 30011 | -4/Garrison | Entered Research 30011 | -3/Research | Evolved 2 slots: Propulsion x2 30292 | -3/Research | First assault squad dispatched 30295 | -3/Research | Identified exit to Garrison 30295 | -3/Research | Entered Garrison 30348 | -3/Garrison | Triggered checkpoint 30367 | -3/Garrison | Garrison Relay disabled 30715 | -3/Garrison | Triggered checkpoint 30715 | -3/Garrison | Triggered checkpoint 30733 | -3/Garrison | Spotted B-86 Titan 30747 | -3/Garrison | Destroyed 11 combat bots 30782 | -3/Garrison | Destroyed B-86 Titan 30815 | -3/Garrison | Triggered checkpoint 30949 | -3/Garrison | Discovered new exit (range 10) 31011 | -3/Garrison | Entered Research 31011 | -2/Research | Evolved 2 slots: Propulsion x1, Utility x1 31302 | -2/Research | First assault squad dispatched 31371 | -2/Research | Repaired Arm. Heavy Treads? 31401 | -2/Research | Assimilated ARC 9a with formatsys_deep 31468 | -2/Research | Cargo convoy interrupted 31637 | -2/Research | Spotted B-90 Cyclops 31727 | -2/Research | Discovered new exit (range 121) 32029 | -2/Research | Identified exit to Testing 32275 | -2/Research | Repaired Quantum Capacitor? 32370 | -2/Research | Lost 5 parts (1p1n1u2w) 32547 | -2/Research | Spotted B-90 Cyclops 32633 | -2/Research | Entered Testing 32701 | -2/Testing | Scanned by Researcher 32729 | -2/Testing | System corruption reached 10% 32732 | -2/Testing | System corruption reached 30% 32745 | -2/Testing | Lost 3 parts (2u1w) 32803 | -2/Testing | Found Prototype Energy Cannon 32803 | -2/Testing | Identified Null Cannon 32866 | -2/Testing | Found Prototype Device 32866 | -2/Testing | Identified Exp. Hardlight Generator 32883 | -2/Testing | First assault squad dispatched 32976 | -2/Testing | Lost 3 parts (1p1n1w) 33118 | -2/Testing | Core integrity fell below 50% 33148 | -2/Testing | Lost 22 parts (6p6n5u5w) 33435 | -2/Testing | Found Prototype Ballistic Gun 33448 | -2/Testing | Spotted PL-I7LQXP3I0Q 33541 | -2/Testing | Found Prototype Energy Gun 33544 | -2/Testing | Identified Hyp. EM Gauss Rifle 33650 | -2/Testing | Identified Hyp. Multirail 34102 | -2/Testing | Found Prototype Device 34102 | -2/Testing | Identified AEGIS Remote Shield 34179 | -2/Testing | Found Prototype Device 34179 | -2/Testing | Identified Beam Splitter 34450 | -2/Testing | Spotted Fortress 34514 | -2/Testing | Lost 5 parts (1p2n2u) 34557 | -2/Testing | Discovered new exit (range 6) 34569 | -2/Testing | Entered Section 7 34778 | -2/Section 7 | Build established: Bothacker-Mutant 34984 | -2/Section 7 | Found Alien Artifact 34984 | -2/Section 7 | Identified Integrated Dissipator 34984 | -2/Section 7 | Installed Integrated Dissipator, increased core heat dissipation (+20) 35069 | -2/Section 7 | First assault squad dispatched 35265 | -2/Section 7 | Spotted Alpha 7 35266 | -2/Section 7 | Core integrity fell below 20% 35299 | -2/Section 7 | Lost 3 parts (1n2w) 35311 | -2/Section 7 | Scanned by Researcher 35322 | -2/Section 7 | Core destroyed Last Messages --------------- 35317_ Power failure, Antimatter Reactor shutdown. 35317_ Penetrated by Slug. 35317_ Slug penetrates R-10 Processor. 35318_ Power failure, Particle Reactor shutdown. 35318_ Slug penetrates Wall. 35319_ Overheating: Energy bleed (-118). 35319_ ALERT: Rogue bot located, Q-Series report to Section 7 Zone 5M. 35319_ Penetrated by Slug. 35320_ Slug penetrates Wall. 35320_ Critical hit (Destroy). 35320_ Particle Reactor destroyed. 35320_ Penetrated by Slug. 35320_ Slug penetrates R-10 Processor. 35320_ R-10 Processor suffers critical hit (Destroy). 35320_ R-10 Processor destroyed. 35321_ Wall collapses. 35321_ Overheating: Matter decay (-45). 35321_ Penetrated by Slug. 35321_ U-05 Engineer builds a Wall. 35322_ Overheating: Core damaged (-246). Map ----- +----------------------------------------------------+ | ?????????????????????????????????????????????????? | | ?????????????????????????????????????????????????? | | ?????????????????????????????????????????????????? | | ?????????????????????????????????????????????????? | | ?????????????????????????????????????????????????? | | ?????????????????????????????????????????????????? | | ???????????Y?????????????????????????????????????? | | ?????????????????????????????????????????????????? | | ?????????????????????????????????????????????????? | | ?????????????????????????????????????????????????? | | ????????????????????????? ???????????????????????? | | ?????????????????????????!???????????????????????? | | ?????????????????????????!???????????????????????? | | ?????????????????????????[???????????????????????? | | ?????????????????????????%???????????????????????? | | ?????????????????????????|???????????????????????? | | ?????????????????????##?#$???????????????????????? | | ????????????????????? ?+$#??????????????????????? | | ??????????????????????"?#$#??????????????????????? | | ???????????? ?????????" #%#??????????????????????? | | ???????????? ?????????? +$#??????????????????????? | | ???????????? ?????????? #%#??????????????????????? | | ????????????+#???##????##u#??????????????????????? | | ???????????? #???# ????##!#??????????????????????? | | ???????????# #?### ???#; #??????????????????????? | | ???????????# ?? ????#@#??????????????????????? | | #########??# #???# ?##; ###????????????????????? | | #??# #???# ## 7 #????????????????????? | | #??# #???# hhh ##???????????????????? | | #??# #??## [ ##???????????????????? | | #### #??## ^% !%! ##???????????????????? | | "" + ##########%[! =#????????????????????? | | " # # ####+####???????????????????? | | "" # %# ## =%! #???????????????????? | | + +== ##%[! #???????????????????? | | "" #### # ## % ##??????????????????? | | " #?## # ## ##??????????????????? | | "" #?## ########## ##??????????????????? | | ####+######?### #???????????????????? | | +######### #???########???????????????????? | | # """#???????##?????????????????????? | | # """#??????????????????????????????? | | # """#??????????????????????????????? | | + """#??????????????????????????????? | | ##### # """#??????????????????????????????? | | ????? # """#??????????????????????????????? | | ?????? # """#??????????????????????????????? | | ???????### ????????????????????????????????? | | ?????????########????????????????????????????????? | | ?????????????????????????????????????????????????? | +----------------------------------------------------+ Best States ------------- Heat Dissipation 149 Coolant Potential 100 Energy Generation 52 Energy Capacity 765 Matter Stores 300 Matter Capacity 300 Sight Range 16 Terrain Scan Density 10 Jamming Range 16 Power Amplification 40 Additional Mass Support 16 Armor Coverage 3200 Resistance: KI 20 Resistance: TH 75 Resistance: EM 90 Weapon Cycling 25 Evasion (%) 55 Targeting Accuracy 8 Core Analysis 8 Recoil Reduction 7 Salvage Targeting 1 Offensive Hacking 12 Relay Coupler Types 5 Relay Coupler Value 153 Authchip Count 1 Trap Extractor Capacity 6 Item Schematics ----------------- Huge Storage Unit | -10/Materials | Hacked Hcp. Storage Unit | -10/Materials | Hacked Enh. Autogun | -8/Materials | Scanalyzed Robot Schematics ------------------ None Fabricated ------------ Huge Storage Unit | x1 | -5/Factory Alien Tech Used ----------------- Integrated Dissipator Achievements -------------- None Challenges ------------ None Game ------ Seed AssaultAntigravStabilizer Manual? 0 Play Time 03:52:27 Cumulative 813.8 hours Start 2023.07.20 @ 22:44:48 End 2023.07.21 @ 02:41:53 Sessions 1 Manual Loads 0 Difficulty Rogue Special Mode None Game No. 699 Rogue 699 Adventurer 0 Explorer 0 Win Type - Total 39 Types 14/7/7/1/1/1/6/1/1 Lore% 92 Gallery% 96 Achievement% 81 Wizard Run 0 Options --------- ASCII 0 Keyboard 0 Movement Mouse Keybinds 1 Fullscreen 2 Font 24/Smallcaps Map View 76x50 Tactical HUD 1 Map Filters NONE Filters NONE Steam 1 RUN: b19f37eb-2930-4e10-8834-3bb676f4f787